 Dungeon Crawl Stone Soup version 0.29-a0-350-g7790a0e70a (webtiles) character file.

Game seed: 4906037886962260253

107 enile the Sneak (level 4, 0/21 HPs)
             Began as a Spriggan Enchanter on Apr 23, 2022.
             Was a Follower of Qazlal.
             Succumbed to an adder's poison
             ... on level 3 of the Dungeon.
             The game lasted 00:09:46 (3201 turns).

enile the Sneak (Spriggan Enchanter)                Turns: 3201, Time: 00:09:46

Health: 0/21       AC:  2    Str:  2 (4)  XL:     4   Next: 57%
Magic:  1/9        EV: 18    Int: 14 (16) God:    Qazlal [*.....]
Gold:   111        SH:  2    Dex: 14 (17) Spells: 1/9 levels left

rFire   + . .      SeeInvis +   j - +2 dagger (elec)
rCold   + . .      Faith    .   (no shield)
rNeg    . . .      Spirit   .   b - +0 robe
rPois   +          Reflect  .   (helmet restricted)
rElec   +          Harm     .   (no cloak)
rCorr   +          Rampage  .   (gloves unavailable)
Will    .....                   (boots unavailable)
Stlth   +++.......              (no amulet)
HPRegen 0.07/turn               (no ring)
MPRegen 0.11/turn               (no ring)

@: lethally poisoned (0 -> -3), resistant, invisible, unable to read, very quick
A: very small, no large weapons, unfitting armour, see invisible, speed 3,
mutation resistance 1, subdued magic 1, inability to read while threatened
a: Renounce Religion


You were on level 3 of the Dungeon.
You worshipped Qazlal.
Qazlal was aware of your devotion.
You visited 1 branch of the dungeon, and saw 3 of its levels.

You collected 111 gold pieces.

Inventory:

Hand Weapons
 a - a +1 dagger
 j - a +2 dagger of electrocution (weapon)
Missiles
 i - 83 stones (quivered)
Armour
 b - a +0 robe (worn)
Scrolls
 e - a scroll of enchant armour
 g - 2 scrolls of vulnerability
Potions
 c - a potion of invisibility
 d - a potion of degeneration


   Skills:
 + Level 0.1 Fighting
 - Level 3.0 Short Blades
 - Level 4.0 Dodging
 - Level 6.0 Stealth
 - Level 3.0 Spellcasting
 - Level 3.6 Hexes


You had one spell level left.
You knew the following spells:

 Your Spells              Type           Power      Damage    Failure   Level
a - Ensorcelled Hibernat  Hex/Ice        10%        N/A       13%         2
b - Tukima's Dance        Hex            9%         N/A       12%         3
c - Confusing Touch       Hex            9%         N/A       12%         3

Your spell library contained the following spells:

 Spells                   Type           Power      Damage    Failure   Level
 Dazzling Flash           Conj/Hex       10%        N/A       26%         3


Dungeon Overview and Level Annotations

Branches:
Dungeon (3/15)

Altars:
Qazlal


Innate Abilities, Weirdness & Mutations

You are very small and have problems with some larger weapons.
You are too small for most types of armour.
You have supernaturally acute eyesight. (SInv)
You cover ground extremely quickly. (Speed+++)
You are somewhat resistant to further mutation.
Your spells are a little easier to cast, but a little less powerful.
You sometimes lose the ability to read scrolls when taking damage.


Message History

Confirm with . or Enter, or press ? or * to list all spells.
You don't have enough magic to cast this spell.
As you read the scroll of teleportation, it crumbles to dust.
You feel strangely unstable. The adder barely misses you. The adder bites you.
You are poisoned.
The adder poisons you!
Okay, then.
Casting: Ensorcelled Hibernation (safe; 16% risk of failure)
Confirm with . or Enter, or press ? or * to list all spells.
Okay, then.
You feel extremely strange.
Your connection to magic feels subdued.
You lose the ability to read scrolls when threatened.
You feel genetically stable.
You feel sick. The adder bites you.
You feel threatened and lose the ability to read scrolls!
The adder bites you.
* * * LOW HITPOINT WARNING * * *
The adder completely misses you.
You cannot read scrolls in your current state!
* * * LOW HITPOINT WARNING * * *
You feel sick. The adder misses you. The adder closely misses you.
Your surroundings suddenly seem different.
* * * LOW HITPOINT WARNING * * *
You feel sick.
There is a lethal amount of poison in your body!
There is a lethal amount of poison in your body!
There is a lethal amount of poison in your body!
There is a lethal amount of poison in your body!
Casting: Ensorcelled Hibernation (safe; 13% risk of failure)
Confirm with . or Enter, or press ? or * to list all spells.
Okay, then.
Okay, then.
Okay, then.
There is a lethal amount of poison in your body!
There is a lethal amount of poison in your body!
There is a lethal amount of poison in your body!
* * * LOW HITPOINT WARNING * * *
You feel sick.
You die...

#....≈#≈# #
#....≈#S#≈#
##....#≈S≈#
#....##### #...###
#....# ##...##
##.###.###########
## #.....@.......
#.##.########## #.
#. #. #. #. #.


There were no monsters in sight!

Vanquished Creatures
  An orc wizard (D:3)
  3 adders
  A worm (D:3)
  2 dart slugs (D:2)
  4 orcs (D:3)
  6 bats
  2 endoplasms (D:1)
  2 giant cockroaches
  4 goblins
  2 hobgoblins
  2 jackals (D:2)
  4 kobolds
  5 quokkas
  A ball python (D:2)
  2 frilled lizards (D:2)
  2 rats
43 creatures vanquished.

Notes
Turn   | Place    | Note
-------+----------+-------------------------------------------
     0 | D:1      | enile the Spriggan Enchanter began the quest for the Orb.
     0 | D:1      | Reached XP level 1. HP: 9/9 MP: 5/5
   411 | D:1      | Reached XP level 2. HP: 13/13 MP: 6/6
   473 | D:1      | Learned a level 2 spell: Ensorcelled Hibernation
  1441 | D:1      | Reached XP level 3. HP: 10/16 MP: 1/8
  1953 | D:2      | Found a faded altar of an unknown god.
  2645 | D:2      | Prayed at the altar of an unknown god.
  2645 | D:2      | Became a worshipper of Qazlal Stormbringer
  2645 | D:2      | Reached * piety under Qazlal
  2856 | D:2      | Reached XP level 4. HP: 18/21 MP: 9/9
  2940 | D:3      | Reached skill level 5 in Stealth
  3030 | D:3      | Reached skill level 6 in Stealth
  3136 | D:3      | Learned a level 3 spell: Tukima's Dance
  3140 | D:3      | Learned a level 3 spell: Confusing Touch
  3197 | D:3      | Gained mutation: Your spells are a little easier to cast,
                  | but a little less powerful. [potion of mutation]
  3197 | D:3      | Gained mutation: You sometimes lose the ability to read
                  | scrolls when taking damage. [potion of mutation]
  3197 | D:3      | Gained mutation: You are somewhat resistant to further
                  | mutation. [potion of mutation]
  3200 | D:3      | HP: 1/21 [poisoned by an adder]
  3201 | D:3      | Succumbed to an adder's poison

Illustrated notes

Levels and vault maps discovered:
D:1:      lordsloth_arrival_two_stooges, layout_loops_ring
D:2:      layout_basic, ebering_ecumenical_altar_box
D:3:      layout_loops_ring, grunt_temple_overflow_order_and_chaos_1,
          gammafunk_temple_overflow_wave, lightli_sewer_entry_pipes,
          hangedman_decor_growths, chequers_serial_rivers_micro_a,
          minmay_increasing_density

Skill      XL: |  1  2  3  4 |
---------------+-------------+-----
Dodging        | 3 4 |  4.0
Spellcasting   | 3 |  3.0
Short Blades   | 2 3 |  3.0
Stealth        | 6 |  6.0
Fighting       | |  0.1
Hexes          | |  3.6

Action                   |  1- 3 |  4- 6 || total
-------------------------+-------+-------++-------
Melee: Dagger            |    89 |    36 ||   125
 Cast: Ensorcelled Hiber |    32 |    14 ||    46
  Use: Scroll            |     1 |     6 ||     7
       Potion            |     1 |     6 ||     7
 Stab: Sleeping          |    24 |     2 ||    26
Armor: Robe              |     7 |     1 ||     8
Dodge: Dodged            |    73 |    38 ||   111
Block: Other             |       |     2 ||     2

Table legend: (Time is in decaauts)
 A = Elapsed time spent in this place.
 B = Non-inter-level travel time spent in this place.
 C = Inter-level travel time spent in this place.
 D = Time resting spent in this place.
 E = Time spent auto-exploring this place.
 F = Levels seen in this place.
 G = Mean time per level.
                   A        B        C        D        E       F      G
               +--------+--------+--------+--------+--------+-----+--------+
         Total |   2625 |   2564 |     61 |    595 |   1322 |   3 |  875.0 |
       Dungeon |   2625 |   2564 |     61 |    595 |   1322 |   3 |  875.0 |
               +--------+--------+--------+--------+--------+-----+--------+

Top non-repeatable levels by time:
     D:1: 1539 daAuts
     D:2: 887 daAuts
     D:3: 198 daAuts
